 Dungeon Crawl Stone Soup version 0.29.1-13-g9f3cf754e1 (webtiles) character file.

Game seed: 11015609116459659627

25 flickminster the Insei (level 2, -1/21 HPs)
             Began as a Demonspawn Transmuter on Feb 4, 2023.
             Slain by a worm (11 damage)
             ... on level 2 of the Dungeon.
             The game lasted 00:07:32 (1419 turns).

flickminster the Insei (Demonspawn Transmuter)      Turns: 1419, Time: 00:07:32

Health: -1/21      AC:  2    Str: 10    XL:     2   Next: 82%
Magic:  4/5        EV: 12    Int: 14    God:
Gold:   50         SH:  0    Dex: 13    Spells: 4/5 levels left

rFire   . . .      SeeInvis .   h - staff of poison
rCold   . . .      Faith    .   (no shield)
rNeg    . . .      Spirit   .   a - +0 robe
rPois   +          Reflect  .   (helmet currently unavailable)
rElec   .          Harm     .   (no cloak)
rCorr   .          Rampage  .   (no gloves)
Will    .....                   (boots currently unavailable)
Stlth   +.........              (no amulet)
HPRegen 0.07/turn               (no ring)
MPRegen 0.09/turn               (no ring)

@: appendages (expiring)
A: horns 2, talons 2, weakness stinger 1
a: End Transformation


You were on level 2 of the Dungeon.
You had temporarily grown beastly horns and talons.
You visited 1 branch of the dungeon, and saw 2 of its levels.

You collected 50 gold pieces.

Inventory:

Missiles
 k - 2 boomerangs
Armour
 a - a +0 robe (worn)
 f - a +0 pair of boots (melded)
 l - a +0 scale mail
Magical Staves
 h - a staff of poison (weapon)
Jewellery
 d - a ring of protection from fire
Scrolls
 e - a scroll of immolation {unknown}
 j - a scroll of teleportation {unknown}
 n - a scroll of poison {unknown}
Potions
 b - a potion of lignification
 c - a potion of attraction {unknown}
 g - a potion of mutation {unknown}
 i - a potion of flight {unknown}
 m - a potion of invisibility {unknown}


   Skills:
 + Level 1.4 Fighting
 + Level 0.5 Staves
 + Level 2.0 Dodging
 + Level 2.9 Unarmed Combat
 + Level 2.2 Spellcasting
 + Level 2.0 Transmutations


You had 4 spell levels left.
You knew the following spells:

 Your Spells              Type           Power      Damage    Failure   Level
a - Beastly Appendage     Tmut           14%        N/A       10%         1

Your spell library contained the following spells:

 Spells                   Type           Power      Damage    Failure   Level
 Wereblood                Tmut           7%         N/A       16%         2
 Spider Form              Tmut/Pois      6%         N/A       41%         3
 Ice Form                 Ice/Tmut       4%         N/A       83%         4


Dungeon Overview and Level Annotations

Branches:
Dungeon (2/15)

Altars:

Shops:
D:1 [


Innate Abilities, Weirdness & Mutations

You have temporarily grown beastly horns and talons.
You have a small tail.


Message History

The adder hisses angrily.
A rat comes into view.
You open the door. The adder bites you.
Found a stone staircase leading down.
The adder closely misses you.
There is an open door here.
Casting: Beastly Appendage (safe; 10% risk of failure)
Confirm with . or Enter, or press ? or * to list all spells.
You grow a pair of large bovine horns.
Your feet morph into talons.
Your +0 pair of boots melds into your body.
The adder bites you but does no damage. The adder bites you.
You closely miss the adder. Your kick misses the adder.
Your tail-slap misses the adder.
Your punch misses the adder. The adder closely misses you.
You miss the adder. Your kick misses the adder. You tail-slap the adder.
The adder is moderately wounded.
The adder bites you but does no damage. The adder closely misses you.
The worm bites you but does no damage.
You barely miss the adder.
The adder is moderately wounded.
The adder closely misses you. The adder misses you.
You hit the adder. Your kick misses the adder.
The adder is moderately wounded.
Your transformation is almost over.
The worm closely misses you. The adder misses you.
You barely miss the adder.
Your tail-slap misses the adder.
The adder is moderately wounded.
The rat bites you. The adder bites you but does no damage.
The worm completely misses you.
You hit the adder.
The adder is heavily wounded.
The adder completely misses you. The rat closely misses you.
The adder misses you. The rat barely misses you. The worm barely misses you.
You hit the adder but do no damage.
Your tail-slap misses the adder.
The adder is heavily wounded.
The adder bites you. The rat bites you. The adder bites you.
You barely miss the adder.
The adder is heavily wounded.
The adder barely misses you. The worm bites you!
Ouch! That really hurt!
You die...

.# .# ## .# ...
.# .... >#
.....#######.#
#..$....r#.#####.
#....<..w@.......
#.......S#.#####.
...........#...
...........#.###
...........#.#
...........#.#
#b...........#
#$.......##..#


You could see a worm, an adder and a rat.

Vanquished Creatures
  A dart slug (D:1)
  3 ball pythons (D:1)
  A bat (D:1)
  3 endoplasms (D:1)
  A giant cockroach (D:1)
  3 goblins (D:1)
  A hobgoblin (D:1)
  A quokka (D:1)
  2 frilled lizards (D:1)
  2 kobolds (D:1)
  3 rats (D:1)
21 creatures vanquished.

Notes
Turn   | Place    | Note
-------+----------+-------------------------------------------
     0 | D:1      | flickminster the Demonspawn Transmuter began the quest for
                  | the Orb.
     0 | D:1      | Reached XP level 1. HP: 15/15 MP: 3/3
    22 | D:1      | Found Cemiaf's Armour Boutique.
   145 | D:1      | Found a faded altar of an unknown god.
   346 | D:1      | Discovered your monstrous ancestry.
   346 | D:1      | Gained mutation: You have a small tail. [demonic ancestry]
   346 | D:1      | Reached XP level 2. HP: 20/21 MP: 3/5
  1419 | D:2      | Slain by a worm

Illustrated notes

Levels and vault maps discovered:
D:1:      dpeg_arrival_windows_large_door, layout_basic,
          ebering_ecumenical_altar_abandoned, serial_shops, shop
D:2:      layout_basic

Skill      XL: |  1  2 |
---------------+-------+-----
Dodging        | 2 |  2.0
Transmutations | 2 |  2.0
Fighting       | |  1.4
Staves         | |  0.5
Unarmed Combat | |  2.9
Spellcasting   | |  2.2

Action                   || total
-------------------------++-------
Melee: Unarmed           ||    13
       Staff             ||    55
       Kick              ||     4
       Headbutt          ||     5
       Tailslap          ||     3
       Punch             ||     1
 Cast: Beastly Appendage ||    10
 Stab: Sleeping          ||     1
Armor: Robe              ||    15
Dodge: Dodged            ||    43
